 Dungeon Crawl Stone Soup version 0.29-a0-1023-g6ae1a4a2c7 (webtiles) character file.

Game seed: 9305675038517829957

33 nickcage the Poker (level 3, -3/28 HPs)
             Began as a Merfolk Gladiator on Aug 11, 2022.
             Slain by a gnoll
             ... wielding a +0 club
              (7 damage)
             ... on level 2 of the Dungeon.
             The game lasted 00:02:37 (978 turns).

nickcage the Poker (Merfolk Gladiator)               Turns: 978, Time: 00:02:37

Health: -3/28      AC:  4    Str: 16    XL:     3   Next: 29%
Magic:  3/3        EV: 13    Int:  7    God:
Gold:   28         SH:  0    Dex: 15    Spells: 2/2 levels left

rFire   . . .      SeeInvis .   a - +0 trident
rCold   . . .      Faith    .   (no shield)
rNeg    . . .      Spirit   .   b - +0 leather armour
rPois   .          Reflect  .   c - +0 helmet
rElec   .          Harm     .   (no cloak)
rCorr   .          Rampage  .   (no gloves)
Will    .....                   (no boots)
Stlth   +.........              (no amulet)
HPRegen 0.09/turn               (no ring)
MPRegen 0.08/turn               (no ring)

@: no status effects
A: (nimble swimmer 2), mertail
a: no special abilities


You were on level 2 of the Dungeon.
You visited 1 branch of the dungeon, and saw 2 of its levels.

You collected 28 gold pieces.

Inventory:

Hand Weapons
 a - a +0 trident (weapon)
Missiles
 d - 3 throwing nets (quivered)
 e - a javelin
Armour
 b - a +0 leather armour (worn)
 c - a +0 helmet (worn)
Scrolls
 h - a scroll of identify {unknown}
Potions
 f - a potion of curing {unknown}
 g - 2 potions of brilliance {unknown}


   Skills:
 + Level 2.4 Fighting
 + Level 5.0 Polearms
 + Level 2.0 Throwing
 + Level 0.1 Armour
 + Level 4.5 Dodging
 + Level 0.2 Stealth


You had 2 spell levels left.
You didn't know any spells.
Your spell library contained the following spells:

 Spells                   Type           Power      Damage    Failure   Level
 Sandblast                Erth           0%         2d4       50%         1
 Passwall                 Tmut/Erth      0%         N/A       65%         2
 Stone Arrow              Conj/Erth      0%         3d7       86%         3


Dungeon Overview and Level Annotations

Branches:
Dungeon (2/15)

Altars:

Annotations:
D:2 Sigmund


Innate Abilities, Weirdness & Mutations

((You are very nimble when in or above water. (Stealth+, EV+, Speed+++)))
Your lower body shifts to a powerful aquatic tail in water.


Message History

a +0 short sword; 4 stones You hit the giant cockroach.
You kill the giant cockroach!
The hobgoblin throws a stone.
The stone barely misses you.
Your Polearms skill increases to level 5!
A gnoll comes into view. It is wielding a +0 club.
You see here a giant cockroach corpse.
A quokka comes into view.
You reach to attack!
You barely miss the hobgoblin.
A gnoll comes into view. It is wielding a +0 club.
You completely miss the hobgoblin. The hobgoblin barely misses you.
You hit the hobgoblin but do no damage.
The hobgoblin hits you with a +0 hand axe.
You hit the hobgoblin.
The hobgoblin is severely wounded.
The hobgoblin barely misses you.
You hit the hobgoblin.
You kill the hobgoblin!
A gnoll comes into view. It is wielding a +0 hand crossbow.
You hit the gnoll.
The gnoll is lightly wounded.
The gnoll closely misses you.
You hit the gnoll.
The gnoll is heavily wounded.
The quokka closely misses you. The gnoll hits you with a +0 club.
You barely miss the gnoll.
The gnoll is heavily wounded.
The quokka misses you. The quokka barely misses you.
The quokka attacks as you move away! The quokka bites you.
The gnoll closely misses you.
You see here a giant cockroach corpse.
The gnoll attacks as you move away! The gnoll hits you with a +0 club.
The gnoll attacks as you move away! The gnoll hits you with a +0 club.
* * * LOW HITPOINT WARNING * * *
Things that are here:
a +0 short sword; 4 stones The gnoll attacks as you move away!
The gnoll misses you.
There is a stone staircase leading up here.
The gnoll hits you with a +0 club!
You die...

..#..# ....#
###...###
#.......###
#..........
#)......#
#...# #@..#
#gg.#
#..r######
#...†g.$.###
#.....)....#
##.####.#....
...# .. ..
..### ..#
.... #.#


You could see 3 gnolls and a quokka.

Vanquished Creatures
  5 endoplasms (D:1)
  2 giant cockroaches
  5 goblins (D:1)
  3 hobgoblins
  A quokka (D:1)
  3 ball pythons (D:1)
  7 bats (D:1)
  2 frilled lizards (D:1)
  2 kobolds
  2 rats (D:1)
32 creatures vanquished.

Notes
Turn   | Place    | Note
-------+----------+-------------------------------------------
     0 | D:1      | nickcage the Merfolk Gladiator began the quest for the Orb.
     0 | D:1      | Reached XP level 1. HP: 16/16 MP: 1/1
   153 | D:1      | Reached XP level 2. HP: 20/22 MP: 2/2
   610 | D:1      | Reached XP level 3. HP: 28/28 MP: 3/3
   897 | D:2      | Noticed Sigmund
   964 | D:2      | Reached skill level 5 in Polearms
   978 | D:2      | Slain by a gnoll

Illustrated notes

Levels and vault maps discovered:
D:1:      minmay_arrival_glassed_features, layout_basic, minmay_pentomino_t2
D:2:      layout_loops_ring, minmay_circle_x, uniq_robin, uniq_sigmund

Skill      XL: |  1  2  3 |
---------------+----------+-----
Polearms       | 5 |  5.0
Fighting       | |  2.4
Throwing       | |  2.0
Armour         | |  0.1
Dodging        | |  4.5
Stealth        | |  0.2

Action                   || total
-------------------------++-------
Melee: Trident           ||   101
 Stab: Sleeping          ||     1
Armor: Leather armour    ||    22
Dodge: Dodged            ||    49

Table legend: (Time is in decaauts)
 A = Elapsed time spent in this place.
 B = Non-inter-level travel time spent in this place.
 C = Inter-level travel time spent in this place.
 D = Time resting spent in this place.
 E = Time spent auto-exploring this place.
 F = Levels seen in this place.
 G = Mean time per level.
                   A        B        C        D        E       F      G
               +--------+--------+--------+--------+--------+-----+--------+
         Total |    984 |    958 |     26 |      0 |    715 |   2 |  492.0 |
       Dungeon |    984 |    958 |     26 |      0 |    715 |   2 |  492.0 |
               +--------+--------+--------+--------+--------+-----+--------+

Top non-repeatable levels by time:
     D:1: 943 daAuts
     D:2: 40 daAuts
